 Dungeon Crawl Stone Soup version 0.22-a0-469-gf26638a (webtiles) character file.

1605 inmateoo the Spear-Bearer (level 8, 0/73 HPs)
             Began as a Naga Berserker on June 12, 2018.
             Was a Priest of Trog.
             Killed by divine providence
             ... invoked by an orc priest
              (12 damage)
             ... on level 6 of the Dungeon.
             The game lasted 00:06:25 (4306 turns).

inmateoo the Spear-Bearer (Naga Berserker)          Turns: 4306, Time: 00:06:26

Health: 0/73       AC: 10    Str: 21    XL:     8   Next: 94%
Magic:  8/8        EV:  7    Int:  8    God:    Trog [***...]
Gold:   233        SH:  0    Dex: 15    Spells: 7/7 levels left

rFire    . . .     SeeInvis +   n - +1 halberd
rCold    . . .     Gourm    .   (shield currently unavailable)
rNeg     + . .     Faith    .   o - +2 chain mail {rN+}
rPois    +         Spirit   .   (no helmet)
rElec    .         Reflect  .   (no cloak)
rCorr    .         Harm     .   (no gloves)
MR       +....                  (no barding)
Stlth    ..........             k - amulet of regeneration
HPRegen  0.62/turn              g - +4 ring of dexterity
MPRegen  0.11/turn              r - ring of stealth

@: berserk cooldown, slowed, very slow
A: large, see invisible, deformed body, poison resistance, slowness 2, slow
metabolism 1, spit poison 1, AC +2
a: Spit Poison, Berserk, Trog's Hand, Renounce Religion


You were on level 6 of the Dungeon.
You worshipped Trog.
Trog was most pleased with you.
You were not hungry.

You visited 1 branch of the dungeon, and saw 6 of its levels.

You collected 233 gold pieces.

Inventory:

Hand Weapons
 a - a +0 spear
 n - a +1 halberd (weapon)
Armour
 o - a +2 chain mail of positive energy (worn)
Jewellery
 g - a +4 ring of dexterity (left hand)
 k - an amulet of regeneration (around neck)
 r - a ring of stealth (right hand)
Wands
 i - a wand of polymorph (9)
Scrolls
 b - 2 scrolls of identify
 e - a scroll of blinking
 f - a scroll of magic mapping
 m - a scroll of enchant armour
 p - a scroll of remove curse
 q - a scroll of teleportation {unknown}
Potions
 d - a potion of ambrosia
 h - a potion of flight
 j - 3 potions of curing
 l - a potion of heal wounds
Comestibles
 c - 10 rations


   Skills:
 + Level 4.7 Fighting
 * Level 9.4 Polearms
 + Level 4.1 Armour
 + Level 2.3 Dodging
 + Level 0.8 Stealth


You had 7 spell levels left.
You didn't know any spells.
Your spell library was empty.

Dungeon Overview and Level Annotations

Branches:
Dungeon (6/15)             Temple (0/1) D:4

Altars:
Ashenzari
Cheibriados
Elyvilon
Makhleb
Okawaru
Sif Muna
Xom
Yredelemnul
Zin
The Shining One


Innate Abilities, Weirdness & Mutations

You cannot wear boots.
Your serpentine skin is tough. (AC +2)
You have supernaturally acute eyesight. (SInv)
Armour fits poorly on your strangely shaped body.
Your system is resistant to poisons. (rPois)
You cover ground very slowly.
You have a slow metabolism.
You can spit poison.


Message History

Trog accepts your kill.
The orc priest invokes the aid of Beogh against you.
Beogh smites you!
* * * LOW HITPOINT WARNING * * *
Unknown command.
Evoke which item? (* to show all) (? for menu, Esc to quit)
Aiming: Polymorph
Press: ? - help, Shift-Dir - straight line, f - orc priest
Aim: an orc priest, wielding a falchion (chance to defeat MR: 46%)
The orc priest resists with some effort.
The orc wizard mumbles some strange words.
The orc wizard blinks!
The crimson imp blinks!
The orc priest hits you but does no damage.
Unknown command.
Unknown command.
You puncture the orc priest!
The orc priest is severely wounded.
The orc priest calls down the wrath of Beogh upon you.
Beogh smites you!
You die...

#.# #.# ... #.#
... #.# ... #.#
..##.# ...#@#
..#o# #
#.#o#####..
##.#.#ยง.......
#...<.....[...
#............#
#.....5.......
................
.................


You could see an orc priest, a crimson imp and an orc.

Vanquished Creatures
  The ghost of inmateoo the Skirmisher, an amateur HONe of Cheibriados (D:4)
  Menkaure (D:6)
  A sky beast (D:5)
  2 ogres (D:5)
  2 centaurs
  A bullfrog (D:6)
  A scorpion (D:4)
  A crimson imp (D:3)
  2 bullfrog skeletons (D:4)
  7 orc wizards
  2 hounds
  3 orc priests
  An iguana (D:6)
  3 worker ants
  A hound skeleton (D:6)
  4 gnolls
  5 adders
  An adder skeleton (D:6)
  An adder zombie (D:5)
  A worm (D:5)
  4 dart slugs
  5 leopard geckos
  16 orcs
  2 giant cockroaches
  9 goblins
  7 hobgoblins
  7 jackals
  2 ball pythons (D:1)
  9 bats
  7 frilled lizards
  2 gnoll zombies (D:5)
  8 kobolds
  2 leopard gecko skeletons
  6 rats
127 creatures vanquished.

Notes
Turn   | Place    | Note
-------+----------+-------------------------------------------
     0 | D:1      | inmateoo the Naga Berserker began the quest for the Orb.
     0 | D:1      | Reached XP level 1. HP: 21/21 MP: 1/1
   213 | D:1      | Reached XP level 2. HP: 28/28 MP: 2/2
   684 | D:1      | Reached XP level 3. HP: 31/34 MP: 3/3
   763 | D:1      | Reached ** piety under Trog
  1289 | D:2      | Reached skill level 4 in Polearms
  1320 | D:2      | Found a glowing golden altar of the Shining One.
  1421 | D:2      | Reached XP level 4. HP: 42/42 MP: 4/4
  1434 | D:2      | Found a shimmering altar of Xom.
  1492 | D:2      | Found a shattered altar of Ashenzari.
  1601 | D:2      | Found a deep blue altar of Sif Muna.
  1813 | D:3      | Reached XP level 5. HP: 34/49 MP: 5/5
  1955 | D:3      | Reached skill level 5 in Polearms
  2110 | D:3      | Found an iron altar of Okawaru.
  2176 | D:3      | Reached XP level 6. HP: 57/57 MP: 6/6
  2770 | D:4      | Reached *** piety under Trog
  2905 | D:4      | Reached skill level 6 in Polearms
  2916 | D:4      | Noticed inmateoo's ghost (amateur HONe)
  2924 | D:4      | Reached XP level 7. HP: 63/63 MP: 7/7
  3184 | D:4      | Killed inmateoo's ghost
  3184 | D:4      | Reached skill level 7 in Polearms
  3278 | D:4      | Found a staircase to the Ecumenical Temple.
  3397 | D:5      | Entered Level 5 of the Dungeon
  3410 | D:5      | Reached XP level 8. HP: 70/72 MP: 8/8
  3461 | D:5      | Found a burning altar of Makhleb.
  3461 | D:5      | Found a glowing silver altar of Zin.
  3462 | D:5      | Noticed an angel
  3462 | D:5      | Noticed a blizzard demon
  3736 | D:5      | Reached skill level 8 in Polearms
  3786 | D:5      | Found a snail-covered altar of Cheibriados.
  3956 | D:5      | Found a white marble altar of Elyvilon.
  4205 | D:5      | Found a basalt altar of Yredelemnul.
  4265 | D:6      | Noticed Menkaure
  4266 | D:6      | Reached skill level 9 in Polearms
  4287 | D:6      | Killed Menkaure
  4306 | D:6      | Killed from afar by an orc priest

Vault maps used:
D:1:      lemuel_arrival_behind_the_door_large, hex_large
D:2:      marbit_many_paths, lemuel_crystal_altar, tso_altar,
          lemuel_coloured_pillars_altar, first_ration
D:3:      okawaru_metal_pillars_3
D:4:      minmay_door_path, temple_hall
D:5:      grunt_temple_overflow_order_and_chaos_2, slow_altar_2,
          lemuel_zombie_altar_yredelemnul, elyvilon_altar_1
D:6:      kennysheep_cross_room, serial_bayou_pond_d, hex_tiny, uniq_menkaure

Skill      XL: |  1  2  3  4  5  6  7  8 |
---------------+-------------------------+-----
Polearms       | 4 5 6 7 9 |  9.4
Armour         | 2 3 4 |  4.1
Dodging        | 2 |  2.3
Fighting       | 4 |  4.7
Stealth        | |  0.8

Action                   |  1- 3 |  4- 6 |  7- 9 || total
-------------------------+-------+-------+-------++-------
Melee: Spear             |   153 |   187 |       ||   340
       Halberd           |       |    14 |   188 ||   202
Invok: Berserk           |       |     2 |     3 ||     5
       Trog's Hand       |       |       |     3 ||     3
 Abil: Spit Poison       |     1 |     2 |       ||     3
Evoke: Wand              |       |       |     2 ||     2
  Use: Scroll            |     1 |     5 |     6 ||    12
  Eat: Chunk             |     1 |     6 |     6 ||    13
       Ration            |       |       |     1 ||     1
Armor: Chain mail        |    89 |    92 |   121 ||   302
       Animal skin       |     3 |       |       ||     3
Dodge: Dodged            |    50 |    61 |    76 ||   187

Table legend:
 A = Spawn XP
 B = Non-spawn XP
 C = Spawn XP percentage of total XP
 D = Spawn monster count
 E = Non-spawn monster count
 F = Spawn count percentage of total count
 G = Total turns spent on level
                    A         B        C        D         E        F      G
               +---------+---------+-------+---------+---------+-------+---------
         Total |       0 |    2293 |   0.0 |       0 |     127 |   0.0 |  4306
               +---------+---------+-------+---------+---------+-------+---------
           D:1 |       0 |      46 |   0.0 |       0 |      26 |   0.0 |  1018
           D:2 |       0 |      97 |   0.0 |       0 |      27 |   0.0 |   789
           D:3 |       0 |     273 |   0.0 |       0 |      24 |   0.0 |   974
           D:4 |       0 |     765 |   0.0 |       0 |      18 |   0.0 |   616
           D:5 |       0 |     680 |   0.0 |       0 |      25 |   0.0 |   845
           D:6 |       0 |     432 |   0.0 |       0 |       7 |   0.0 |    64
               +---------+---------+-------+---------+---------+-------+---------
